 Dungeon Crawl Stone Soup version 0.21.1-1-g345015fe64 (webtiles) character file.

8009 Ivernyr the Protected (level 11, 0/86 HPs)
             Began as a Demonspawn Skald on Apr 25, 2018.
             Was a Priest of Nemelex Xobeh.
             Slain by an unseen horror (5 damage)
             ... on level 10 of the Dungeon.
             The game lasted 00:39:37 (13457 turns).

Ivernyr the Protected (Demonspawn Skald)           Turns: 13457, Time: 00:39:38

Health: 0/86       AC: 23    Str: 12    XL:     11   Next: 4%
Magic:  11/14      EV: 13    Int: 19    God:    Nemelex Xobeh [***...]
Gold:   415        SH:  0    Dex: 15    Spells: 4/14 levels left

rFire    . . .     SeeInvis .   a - +2 scimitar (flame)
rCold    . . .     Gourm    .   (no shield)
rNeg     . . .     Faith    .   b - +2 scale mail "Nudwust" {rElec Int+4}
rPois    +         Spirit   .   j - +1 helmet
rElec    +         Reflect  .   m - +0 cloak
rCorr    .         Harm     .   (no gloves)
MR       .....                  (no boots)
Stlth    ..........             (no amulet)
HPRegen  0.24/turn              r - +3 ring of evasion
MPRegen  0.14/turn              A - ring of poison resistance

@: shrouded, sanguine armour, very slightly contaminated
A: hooves 2, powered by pain 2, sanguine armour 2
a: Triple Draw, Renounce Religion


You were on level 10 of the Dungeon.
You worshipped Nemelex Xobeh.
Nemelex Xobeh was most pleased with you.
You were very hungry.

You visited 1 branch of the dungeon, and saw 10 of its levels.

You collected 415 gold pieces.

Inventory:

Hand Weapons
 a - a +2 scimitar of flaming (weapon)
Armour
 b - the +2 scale mail "Nudwust" (worn) {rElec Int+4}
   (You took it off a wight on level 7 of the Dungeon)

   It affects your intelligence (+4).
   It insulates you from electricity.
 j - a +1 helmet (worn)
 m - a +0 cloak (worn)
 y - +0 ice dragon scales
Jewellery
 r - a +3 ring of evasion (left hand)
 A - a ring of poison resistance (right hand)
Wands
 D - a wand of iceblast (5)
Scrolls
 f - 2 scrolls of teleportation
 i - 2 scrolls of enchant armour
 l - 6 scrolls of remove curse
 q - a scroll of enchant weapon {unknown}
 t - a scroll of fear {unknown}
 u - 2 scrolls of amnesia
 w - a scroll of magic mapping {unknown}
 x - 3 scrolls of blinking
Potions
 e - 8 potions of curing
 g - 4 potions of magic
 h - a potion of might {unknown}
 n - 2 potions of ambrosia
 o - a potion of mutation {unknown}
 p - a potion of lignification {unknown}
 z - a potion of berserk rage {unknown}
 B - a potion of brilliance {unknown}
 C - a potion of haste
Books
 c - a book of Battle

   Spells                             Type                      Level
   a - Infusion                       Charms                       1
   b - Shroud of Golubria             Charms/Translocation         2
   c - Song of Slaying                Charms                       2
   d - Spectral Weapon                Hexes/Charms                 3
   e - Regeneration                   Charms/Necromancy            3
Miscellaneous
 k - an ornate deck of destruction
 v - a plain deck of destruction {drawn: 3}
 F - a plain deck of destruction
Comestibles
 d - 11 rations


   Skills:
 + Level 8.0 Fighting
 + Level 7.0 Long Blades
 * Level 10.0 Armour
 - Level 1.7 Dodging
 - Level 2.0 Spellcasting
 + Level 7.6 Charms


You had 4 spell levels left.
You knew the following spells:

 Your Spells              Type           Power        Failure   Level  Hunger
a - Shroud of Golubria    Chrm/Tloc      ###.......   21%         2    ###....
b - Song of Slaying       Chrm           ####....     4%          2    ###....
c - Infusion              Chrm           ####         2%          1    #......
d - Blink                 Tloc           N/A          67%         2    ###....
e - Regeneration          Chrm/Necr      ###.......   38%         3    ###....


Dungeon Overview and Level Annotations

Branches:
Dungeon (10/15)            Temple (0/1) D:5            Lair (0/6) D:8
    Orc: D:9-12

Altars:
Dithmenos
Fedhas
Hepliaklqana
Makhleb
Nemelex Xobeh
Qazlal
Vehumet
Yredelemnul

Annotations:
D:8 htuhola's ghost, novice SpAK


Innate Abilities, Weirdness & Mutations

You have hoof-like feet.
You sometimes gain power by taking damage.
When seriously injured, your bleeding wounds create thick armour. (AC +9)


Message History

You miscast Shroud of Golubria.
You are very lightly contaminated with residual magic.
Nothing appears to happen.
You are feeling very hungry.
Something hits you but does no damage. Something hits you.
* * * LOW HITPOINT WARNING * * *
Casting: Shroud of Golubria
Confirm with . or Enter, or press ? or * to list all spells.
Space distorts slightly along a thin shroud covering your body.
Something hits you but does no damage. Something barely misses you.
Something hits you but does no damage. x2
You slash something! You burn something. You kick something.
Something hits you but does no damage. Something hits you.
* * * LOW HITPOINT WARNING * * *
Something hits you but does no damage.
You miss something. Something barely misses you. Something hits you.
You die...
Your body glows with a rainbow of weird colours and disappears.

..................##......#
##.###..##...............#
#....................#..#
#..........###.......#..#
#######..........# #..#.......#
.................# #..#.......#
........###......# #..#.......#
.............#...###..........#
)(..............@{{...........#
###############################


There were no monsters in sight!

Vanquished Creatures
  A two-headed ogre (D:10)
  Urug (D:10)
  A centaur skeleton (D:10)
  2 kobold demonologists (D:9)
  The ghost of Froggeryz the Ruffian, a novice GrMo of Wu Jian (D:5)
  2 hippogriffs (D:9)
  A meliai zombie (D:8)
  A spriggan (D:10)
  A wyvern (D:10)
  3 water moccasins
  A swamp drake (D:7)
  An orc warrior (D:9)
  2 ice beasts
  2 sky beasts
  7 ogres
  The ghost of Ivernyr the Charmwright, an amateur DsSk (D:3)
  3 centaurs
  7 bullfrogs
  2 scorpions
  3 killer bees (D:8)
  8 wights
  2 howler monkeys
  3 crimson imps
  3 jellies
  A quasit (D:8)
  2 bullfrog skeletons
  2 hounds
  3 bullfrog zombies
  A centaur zombie (D:6)
  A gnoll shaman (D:7)
  4 orc priests
  4 orc wizards
  Crazy Yiuf (D:3)
  Terence (D:2)
  2 iguanas
  4 worker ants
  A hound zombie (D:4)
  A howler monkey zombie (D:6)
  A worker ant zombie (D:9)
  Robin (D:3)
  3 gnolls (D:7)
  10 adders
  3 shadow imps
  2 oozes
  An adder skeleton (D:9)
  3 worms
  2 dart slugs
  5 leopard geckos
  29 orcs
  2 ball pythons
  5 giant cockroaches
  13 goblins
  6 hobgoblins
  4 jackals
  2 quokkas
  9 bats
  A frilled lizard (D:3)
  A jackal skeleton (D:7)
  16 kobolds
  A leopard gecko skeleton (D:5)
  2 quokka zombies (D:6)
  8 rats
217 creatures vanquished.

Vanquished Creatures (collateral kills)
  A two-headed ogre (D:8)
  Erica (D:8)
  A hornet (D:7)
  An orc (D:7)
4 creatures vanquished.

Grand Total: 221 creatures vanquished

Notes
Turn   | Place    | Note
-------+----------+-------------------------------------------
     0 | D:1      | Ivernyr the Demonspawn Skald began the quest for the Orb.
     0 | D:1      | Reached XP level 1. HP: 16/16 MP: 3/3
    19 | D:1      | Reached skill level 1 in Armour
   225 | D:1      | Gained mutation: When seriously injured, your bleeding wounds create armour. (AC +9) [demonic ancestry]
   225 | D:1      | Reached XP level 2. HP: 6/22 MP: 5/5
   793 | D:1      | Learned a level 2 spell: Song of Slaying
   796 | D:1      | Learned a level 2 spell: Shroud of Golubria
  1235 | D:2      | Reached skill level 2 in Armour
  1235 | D:2      | Gained mutation: You have large cloven feet. [demonic ancestry]
  1235 | D:2      | Reached XP level 3. HP: 28/28 MP: 1/6
  1479 | D:2      | Gained mutation: You have hoof-like feet. [demonic ancestry]
  1479 | D:2      | Reached XP level 4. HP: 28/34 MP: 7/7
  1608 | D:2      | Noticed Terence
  1655 | D:2      | Killed Terence
  2107 | D:3      | Noticed Ivernyr's ghost (amateur DsSk)
  2127 | D:3      | Killed Ivernyr's ghost
  2127 | D:3      | Reached skill level 3 in Armour
  2127 | D:3      | Reached XP level 5. HP: 5/41 MP: 6/8
  2450 | D:3      | Noticed Robin
  2488 | D:3      | Killed Robin
  3043 | D:3      | Found a runed door.
  3220 | D:3      | Gained mutation: You sometimes gain a little power by taking damage. [demonic ancestry]
  3220 | D:3      | Reached XP level 6. HP: 38/47 MP: 3/9
  3443 | D:3      | Noticed Crazy Yiuf
  3451 | D:3      | Killed Crazy Yiuf
  3793 | D:4      | Reached skill level 4 in Armour
  4003 | D:4      | Found a sparkling altar of Nemelex Xobeh.
  4003 | D:4      | Found a basalt altar of Yredelemnul.
  4257 | D:4      | Became a worshipper of Nemelex Xobeh the Trickster
  4731 | D:5      | Entered Level 5 of the Dungeon
  4797 | D:5      | Received a gift from Nemelex Xobeh
  4879 | D:5      | Noticed an ice beast
  4901 | D:5      | Killed an ice beast
  4901 | D:5      | Reached XP level 7. HP: 26/54 MP: 8/10
  5180 | D:5      | Reached * piety under Nemelex Xobeh
  5180 | D:5      | Received a gift from Nemelex Xobeh
  5320 | D:5      | Noticed Froggeryz's ghost (novice GrMo)
  5339 | D:5      | Killed Froggeryz's ghost
  5339 | D:5      | Reached skill level 5 in Armour
  5690 | D:5      | Found a staircase to the Ecumenical Temple.
  5798 | D:6      | Reached XP level 8. HP: 60/61 MP: 11/11
  6636 | D:7      | Reached skill level 5 in Fighting
  6636 | D:7      | Reached skill level 6 in Armour
  6636 | D:7      | Reached skill level 5 in Charms
  7055 | D:7      | HP: 2/63 [gnoll/spear (3)]
  7068 | D:7      | HP: 2/63 [leopard gecko (2)]
  7480 | D:7      | Gained mutation: When seriously injured, your bleeding wounds create thick armour. (AC +9) [demonic ancestry]
  7480 | D:7      | Reached XP level 9. HP: 54/68 MP: 3/12
  7620 | D:7      | Reached skill level 7 in Armour
  8104 | D:7      | Paralysed by a hornet for 2 turns
  8109 | D:7      | Reached skill level 5 in Long Blades
  8474 | D:7      | Got a scorched scale mail
  8486 | D:7      | Identified the +2 scale mail "Nudwust" {rElec Int+4} (You took it off a wight on level 7 of the Dungeon)
  8700 | D:7      | Reached ** piety under Nemelex Xobeh
  9194 | D:7      | Found a stormy altar of Qazlal.
  9433 | D:8      | Found a staircase to the Lair.
  9578 | D:8      | Paralysed by fainting for 6 turns
  9606 | D:8      | Reached skill level 8 in Armour
 10052 | D:8      | Got a slimy iron ring
 10064 | D:8      | Noticed a two-headed ogre
 10070 | D:8      | Killed a two-headed ogre
 10087 | D:8      | Identified the ring of Lesser Demons {Ice *Drain Str+8 Int-2 SInv} (You found it on level 8 of the Dungeon)
 10239 | D:8      | Noticed htuhola's ghost (novice SpAK)
 10645 | D:8      | Gained mutation: You sometimes gain power by taking damage. [demonic ancestry]
 10645 | D:8      | Reached XP level 10. HP: 45/77 MP: 13/13
 10994 | D:8      | Found a shadowy altar of Dithmenos.
 11006 | D:8      | Noticed Erica
 11028 | D:8      | Killed Erica
 11211 | D:8      | Received a gift from Nemelex Xobeh
 11365 | D:9      | Learned a level 2 spell: Blink
 11415 | D:9      | Reached skill level 9 in Armour
 11532 | D:9      | Reached *** piety under Nemelex Xobeh
 11646 | D:9      | Noticed a smoke demon
 11674 | D:9      | Noticed a soul eater
 12165 | D:9      | Learned a level 3 spell: Regeneration
 12215 | D:9      | Received a gift from Nemelex Xobeh
 12631 | D:9      | Found a burning altar of Makhleb.
 12642 | D:9      | Found a hazy altar of Hepliaklqana.
 12654 | D:9      | Found a radiant altar of Vehumet.
 12665 | D:9      | Found a blossoming altar of Fedhas.
 12780 | D:10     | Entered Level 10 of the Dungeon
 13189 | D:10     | Received a gift from Nemelex Xobeh
 13275 | D:10     | Noticed a two-headed ogre
 13277 | D:10     | Noticed Urug
 13291 | D:10     | Killed a two-headed ogre
 13291 | D:10     | Reached skill level 10 in Armour
 13308 | D:10     | Killed Urug
 13308 | D:10     | Reached XP level 11. HP: 71/86 MP: 11/14
 13455 | D:10     | HP: 4/86 [something (3)]
 13457 | D:10     | Slain by an unseen horror

Skill      XL: |  1  2  3  4  5  6  7  8  9 10 |
---------------+-------------------------------+-----
Armour         | 1 2 3 4 5 6 8 10 | 10.0
Charms         | 3 4 5 6 7 |  7.6
Long Blades    | 2 3 4 6 7 |  7.0
Fighting       | 3 4 5 6 8 |  8.0
Dodging        | |  1.7
Spellcasting   | |  2.0

Action                   |  1- 3 |  4- 6 |  7- 9 | 10-12 || total
-------------------------+-------+-------+-------+-------++-------
Melee: Falchion          |    94 |   290 |   566 |     5 ||   955
       Kick              |     8 |    82 |   178 |    62 ||   330
       Scimitar          |       |       |       |   183 ||   183
 Cast: Shroud of Golubri |     1 |    21 |    38 |    14 ||    74
       Song of Slaying   |       |     3 |     7 |     5 ||    15
Evoke: Deck              |       |       |    12 |     7 ||    19
  Use: Scroll            |       |     5 |     4 |     2 ||    11
 Stab: Sleeping          |     1 |       |       |       ||     1
  Eat: Chunk             |     2 |    11 |    16 |     8 ||    37
       Ration            |       |     1 |     2 |     1 ||     4
Armor: Leather armour    |    38 |    87 |    70 |       ||   195
       Ice dragon scales |       |       |    82 |       ||    82
       Scale mail        |       |       |   146 |   135 ||   281
Dodge: Dodged            |    63 |   188 |   316 |   112 ||   679
       Rpst.: Falchion   |    15 |    60 |    97 |     1 ||   173
       Scimitar          |       |       |       |    25 ||    25
